 Dungeon Crawl Stone Soup version 0.20.1-1-g8b1a95d (webtiles) character file.

28 equalderp2856 the Skirmisher (level 2, 0/24 HPs)
             Began as a Mummy Fighter on Oct 24, 2017.
             Slain by a goblin (1 damage)
             ... on level 1 of the Dungeon.
             The game lasted 00:00:56 (483 turns).

equalderp2856 the Skirmisher (Mummy Fighter)         Turns: 483, Time: 00:00:57

Health: 0/24       AC:  6    Str: 19    XL:     2   Next: 96%
Magic:  2/2        EV:  7    Int:  7    God:
Gold:   10         SH:  8    Dex: 11    Spells: 1/1 levels left

rFire    x . .     SeeInvis .   a - +0 war axe
rCold    + . .     Gourm    .   c - +0 shield
rNeg     + + +     Faith    .   b - +0 scale mail
rPois    ∞         Spirit   .   (no helmet)
rElec    .         Reflect  .   (no cloak)
rCorr    .         Harm     .   (no gloves)
MR       .....                  (no boots)
Stlth    ..........             (no amulet)
Regen    0.1/turn               (no ring)
MPRegen  0.1/turn               (no ring)

@: no status effects
A: no food or potions, fire vulnerability, cold resistance 1, negative energy
resistance 3, torment resistance, unbreathing
a: no special abilities


You were on level 1 of the Dungeon.
You were not hungry.

You visited 1 branch of the dungeon, and saw 1 of its levels.

You collected 10 gold pieces.

Inventory:

Hand Weapons
 a - a +0 war axe (weapon)
Armour
 b - a +0 scale mail (worn)
 c - a +0 shield (worn)


   Skills:
 + Level 3.3 Fighting
 + Level 1.9 Axes
 + Level 2.8 Armour
 + Level 0.1 Dodging
 + Level 2.6 Shields


You had one spell level left.
You didn't know any spells.

Dungeon Overview and Level Annotations

Branches:
Dungeon (1/15)

Altars:
Ashenzari


Innate Abilities, Weirdness & Mutations

You do not eat or drink.
Your flesh is vulnerable to fire.
You are immune to poison.
Your flesh is cold resistant. (rC+)
You are immune to negative energy. (rN+++)
You are immune to unholy pain and torment.
You can survive without breathing.


Message History

The rat bites you but does no damage. You block the goblin's attack.
The rat bites you but does no damage. You block the goblin's attack.
You block the rat's attack. The goblin hits you.
* * * LOW HITPOINT WARNING * * *
You block the rat's attack. You block the goblin's attack.
The rat completely misses you. The goblin barely misses you.
The rat bites you but does no damage. The goblin barely misses you.
You block the rat's attack. The goblin barely misses you.
The rat bites you but does no damage. The goblin hits you but does no damage.
The rat bites you.
* * * LOW HITPOINT WARNING * * *
The goblin hits you but does no damage. The rat bites you but does no damage.
You block the goblin's attack. The rat bites you but does no damage.
You block the goblin's attack. The rat bites you but does no damage.
The goblin barely misses you. The rat bites you but does no damage.
You block the goblin's attack. The rat bites you but does no damage.
The goblin hits you.
* * * LOW HITPOINT WARNING * * *
You block the rat's attack. The goblin hits you.
You die...

..#.# #.....# #.# ..#.# #.....#
#.# ..#.# #.....# ####.#######
###.# #.....# #........... ##..#
#...(.###.##.##.#### .#.##
#...#.......#......# ...# #
#...##...)..#.....## .#.#
....####.##.....#....##.
...####........r@..##....#...##..
#...............g...##...#..##...
#†>..................##..#.##....
#.....................######.....
#......####............#...#.....
#......# #......#######._.######
#......# #....... .#.....
#......# #....... ###....
#......# ##...


You could see a goblin and a rat.

Vanquished Creatures
  3 bats (D:1)
  A giant cockroach (D:1)
  A goblin (D:1)
  4 hobgoblins (D:1)
  6 jackals (D:1)
  4 kobolds (D:1)
  4 frilled lizards (D:1)
  2 rats (D:1)
25 creatures vanquished.

Vanquished Creatures (others)
  3 jackals (D:1)
3 creatures vanquished.

Grand Total: 28 creatures vanquished

Notes
Turn   | Place    | Note
-------+----------+-------------------------------------------
     0 | D:1      | equalderp2856 the Mummy Fighter began the quest for the Orb.
     0 | D:1      | Reached XP level 1. HP: 18/18 MP: 1/1
    63 | D:1      | Reached XP level 2. HP: 19/24 MP: 2/2
   360 | D:1      | Found a shattered altar of Ashenzari.
   477 | D:1      | HP: 1/24 [rat (1)]
   482 | D:1      | HP: 1/24 [goblin (1)]
   483 | D:1      | Slain by a goblin

Action                   || total
-------------------------++-------
Melee: War axe           ||    79
Armor: Scale mail        ||    79
Dodge: Dodged            ||    60
Block: Shield            ||    87
